 Dungeon Crawl Stone Soup version 0.18.1-50-g88ac8fd (webtiles) character file.

29 Gargoyl the Skirmisher (level 3, 29/29 HPs)
             Began as a Demonspawn Abyssal Knight on Sept 27, 2016.
             Was a Follower of Lugonu.
             Quit the game on level 2 of the Dungeon.
             The game lasted 00:01:42 (1077 turns).

Gargoyl the Skirmisher (Demonspawn Abyssal Knight)  Turns: 1077, Time: 00:01:42

Health: 29/29      AC:  3    Str: 13    XL:     3   Next: 1%
Magic:  5/5        EV: 11    Int: 13    God:    Lugonu [*.....]
Gold:   41         SH:  0    Dex: 12    Spells: 0 memorised, 2 levels left

rFire  . . .     SeeInvis .     a - +1 hand axe
rCold  . . .     Gourm    .     b - +0 leather armour
rNeg   . . .     Faith    .     (no shield)
rPois  .         Spirit   +     (no helmet)
rElec  .         Dismiss  .     (no cloak)
rCorr  .         Reflect  .     (no gloves)
SustAt .         Harm     .     (no boots)
MR     +....                    (no amulet)
Stlth  +.........               (no ring)
                                d - ring of protection from magic

@: somewhat resistant to hostile enchantments, very unstealthy
A: hooves 1, magic shield
a: Depart the Abyss, Renounce Religion


You were on level 2 of the Dungeon.
You worshipped Lugonu.
Lugonu was aware of your devotion.
You were hungry.

You visited 1 branch of the dungeon, and saw 2 of its levels.
You visited the Abyss 1 time.

You collected 41 gold pieces.

Inventory:

Hand Weapons
 a - a +1 hand axe (weapon)
Armour
 b - a +0 leather armour (worn)
Jewellery
 d - a ring of protection from magic (left hand)
Scrolls
 g - a scroll of fog {unknown}
 h - a scroll of identify {unknown}
 i - a scroll of fear {unknown}
 j - a scroll of recharging {unknown}
 k - a scroll of amnesia {unknown}
Potions
 e - a potion of haste {unknown}
 l - a potion of lignification {unknown}
Comestibles
 c - a bread ration
 f - a meat ration


   Skills:
 + Level 3.4 Fighting
 + Level 1.8 Axes
 * Level 2.2 Armour
 + Level 1.1 Dodging
 * Level 3.0 Invocations


You had 2 spell levels left.
You didn't know any spells.

Dungeon Overview and Level Annotations

Branches:
Dungeon (2/15)

Altars:


Innate Abilities, Weirdness & Mutations

You have large cloven feet.
When hurt, damage is shared between your health and your magic reserves.


Message History

The bat closely misses you.
You completely miss the bat. You kick the bat, but do no damage.
The bat hits you but does no damage. The bat barely misses you.
The bat hits you but does no damage.
You closely miss the bat. The bat barely misses you.
The bat closely misses you. The bat completely misses you.
You barely miss the bat. The bat hits you but does no damage.
You hit the bat.
The bat is heavily wounded.
The bat barely misses you.
You hit the bat.
You kill the bat!
Lugonu accepts your kill.
You have reached level 3!
Your experience leads to an increase in your attributes!
Increase (S)trength, (I)ntelligence, or (D)exterity?
You feel stronger.
Your demonic ancestry asserts itself...
You feel your magical essence form a protective shroud around your flesh.
You see here a bat corpse.
Are you sure you want to abandon this character and quit the game? (Confirm with "yes".)

#.##############
#........@....#
##...########.#
#.##.# #.# ..
#.# #.# ## #.#
#.# #.# #.# ..#
#.# # .### #.#
#.#####.# #.#


There were no monsters in sight!

Vanquished Creatures
  2 dart slugs
  A giant gecko (D:1)
  2 giant cockroaches (D:1)
  3 goblins (D:1)
  3 hobgoblins (D:1)
  4 kobolds
  3 bats
  4 giant newts (D:1)
  A rat (D:1)
23 creatures vanquished.

Notes
Turn   | Place    | Note
--------------------------------------------------------------
     0 | Abyss:1  | Gargoyl the Demonspawn Abyssal Knight began the quest for the Orb.
     0 | Abyss:1  | Reached XP level 1. HP: 18/18 MP: 2/2
    50 | Abyss:1  | Noticed a profane servitor
    71 | Abyss:1  | Noticed an eye of draining
    72 | Abyss:1  | Noticed a small abomination
    93 | Abyss:2  | Noticed an Executioner
    95 | Abyss:2  | Noticed a large abomination
    95 | D:1      | Escaped the Abyss
   420 | D:1      | Reached * piety under Lugonu
   420 | D:1      | Gained mutation: You have large cloven feet. [demonic ancestry]
   420 | D:1      | Reached XP level 2. HP: 24/24 MP: 3/3
   910 | D:1      | Reached skill level 1 in Dodging
  1075 | D:2      | Gained mutation: When hurt, damage is shared between your health and your magic reserves. [demonic ancestry]
  1075 | D:2      | Reached XP level 3. HP: 29/29 MP: 5/5
  1077 | D:2      | Quit the game

Skill      XL: |  1  2 |
---------------+-------+-----
Armour         | 2 |  2.2
Dodging        | 1 |  1.1
Invocations    | 3 |  3.0
Fighting       | |  3.4
Axes           | |  1.8

Action                   || total
-------------------------++-------
Melee: Hand axe          ||    75
       Kick              ||     9
Invok: Depart the Abyss  ||     1
Armor: Leather armour    ||    34
Dodge: Dodged            ||    54
